Map: 에코 - 래더 (공허)

Players

Maru

  • Race: Terran Terran
  • League: Master

愛蜜莉雅 - Winner!

  • Race: Protoss Protoss
  • League: Diamond

VOD

Have the link to the VOD?

Description

Time

  • Played on: Nov. 29, 2016, 8:10 a.m.
  • Length: 11:46
Show
View Real Time Build Order
Export as new Build Order

Maru Terran 

Build Orders: 1/1/1, Liberator Opening 

Get SALT Encoding   

  12  0:00  SCV  
  13  0:12  SCV  
  14  0:17  Supply Depot  
  14  0:24  SCV  
  14  0:27  Refinery  
  15  0:38  SCV  
  16  0:44  Barracks  
  16  0:51  SCV  
  17  1:03  SCV  
  18  1:15  SCV  
  19  1:30  Marine  
  19  1:31  Orbital Command  
  20  1:43  Factory  
  20  1:48  Marine  
  20  1:53  Supply Depot  
  21  1:56  SCV  
  22  2:07  Marine  
  23  2:15  Command Center, SCV  
  24  2:25  Marine  
  24  2:27  Starport  
  25  2:30  SCV  
  25  2:34  Widow Mine  
  28  2:42  Marine  
  28  2:43  SCV  
  30  2:46  Refinery  
  30  2:51  Engineering Bay  
  31  3:08  Marine  
  31  3:10  Supply Depot  
  31  3:26  Missile Turret, Cyclone, SCV, Medivac  
  37  3:30  Barracks Reactor  
  37  3:38  SCV  
  37  3:39  Orbital Command  
  38  3:50  SCV  
  38  3:54  Barracks  
  39  3:59  Liberator  
  39  4:01  Cyclone  
  42  4:03  SCV  
  42  4:04  SCV  
  42  4:07  Marine  
  42  4:08  Marine  
  46  4:15  SCV  
  50  4:22  Missile Turret  
  50  4:25  SCV  
  50  4:31  Supply Depot  
  51  4:32  SCV  
  52  4:39  Factory Tech Lab  
  52  4:41  SCV  
  52  4:42  Barracks Tech Lab  
  52  4:44  SCV  
  54  4:53  SCV  
  54  4:56  Marine x2, SCV  
  58  5:00  Siege Tank  
  58  5:04  Supply Depot  
  61  5:13  SCV  
  60  5:15  Marine x3  
  60  5:18  Supply Depot  
  60  5:24  SCV  
  60  5:25  SCV  
  60  5:30  Liberator  
  60  5:32  Siege Tank  
  60  5:33  Marine  
  55  5:36  SCV  
  55  5:37  SCV  
  53  5:48  SCV  
  57  5:50  SCV  
  57  5:52  Marine  
  58  6:00  SCV  
  58  6:02  Marine  
  61  6:08  Marine  
  61  6:18  SCV x2  
  54  6:20  Marine  
  54  6:23  Siege Tank  
  54  6:34  Supply Depot  
  54  6:38  SCV  
  54  6:39  Marine, SCV  
  53  6:45  Bunker x2  
  52  6:50  Supply Depot  
  52  6:53  Supply Depot  
  52  6:55  SCV x2  
  54  7:07  Marine x2  
  39  7:17  SCV  
  39  7:21  Siege Tank  
  39  7:22  Medivac  
  41  7:23  SCV  
  41  7:26  Marine  
  41  7:29  SCV  
  42  7:36  Liberator, SCV  
  43  7:41  Marine  
  44  7:44  Marine  
  45  7:53  Siege Tank  
  45  7:55  SCV  
  49  8:02  Marine  
  49  8:03  SCV  
  49  8:10  SCV  
  50  8:15  Supply Depot  
  50  8:16  Supply Depot  
  48  8:20  Marine x2  
  50  8:30  Siege Tank  
  50  8:31  SCV  
  54  8:36  SCV  
  55  8:43  SCV  
  55  8:48  SCV  
  55  8:56  SCV  
  55  9:00  Command Center  
  55  9:01  SCV  
  57  9:08  SCV  
  58  9:11  Starport Reactor  
  58  9:14  Barracks Reactor, SCV  
  58  9:15  Marine  
  58  9:16  Stimpack  
  60  9:20  Barracks, SCV  
  61  9:25  Supply Depot  
  61  9:29  SCV  
  57  9:35  SCV  
  55  9:41  SCV  
  53  9:47  SCV  
  53  9:48  Missile Turret  
  53  9:53  Engineering Bay, SCV  
  54  10:03  Refinery  
  54  10:04  SCV  
  54  10:05  Refinery, SCV  
  56  10:15  Marine x3  
  56  10:16  Marine  
  56  10:20  SCV  
  60  10:24  Orbital Command  
  59  10:35  Medivac  
  59  10:40  Marine x4  
  65  10:45  SCV x2  
  65  10:46  Widow Mine  
  69  10:51  Medivac  
  71  10:58  Marine x4  
  71  11:00  Orbital Command, Bunker  
  71  11:03  SCV x2  
  77  11:15  SCV  
  71  11:19  Marine  
  71  11:22  SCV  
  73  11:28  SCV  
  73  11:30  SCV  
  41  11:34  SCV  
Show
View Real Time Build Order
Export as new Build Order

愛蜜莉雅 Protoss - Winner!

Build Orders: Phoenix Opening 

Get SALT Encoding   

  12  0:00  Probe (Chrono Boost)  
  13  0:11  Probe (Chrono Boost)  
  14  0:16  Pylon  
  14  0:22  Probe (Chrono Boost)  
  15  0:35  Probe (Chrono Boost), Gateway  
  16  0:45  Probe (Chrono Boost)  
  16  0:46  Assimilator  
  17  0:56  Probe (Chrono Boost)  
  18  0:59  Assimilator  
  18  1:06  Probe (Chrono Boost)  
  19  1:17  Probe (Chrono Boost)  
  20  1:22  Cybernetics Core  
  20  1:27  Probe (Chrono Boost)  
  21  1:45  Nexus  
  21  1:51  Pylon  
  22  1:55  Stalker  
  23  2:10  Stargate  
  23  2:14  Probe (Chrono Boost)  
  24  2:16  Warp Gate  
  24  2:25  Probe (Chrono Boost)  
  24  2:28  Pylon  
  25  2:36  Probe (Chrono Boost)  
  26  2:47  Probe (Chrono Boost)  
  27  2:53  Phoenix  
  30  2:59  Probe x2 (Chrono Boost)  
  31  3:09  Probe (Chrono Boost)  
  31  3:11  Probe (Chrono Boost)  
  33  3:15  Gateway  
  33  3:17  Gateway  
  33  3:19  Phoenix  
  36  3:28  Probe x2 (Chrono Boost)  
  37  3:35  Pylon  
  37  3:39  Probe (Chrono Boost)  
  37  3:40  Probe (Chrono Boost)  
  39  3:44  Phoenix  
  41  3:49  Probe (Chrono Boost)  
  41  3:52  Probe (Chrono Boost)  
  43  4:00  Probe (Chrono Boost)  
  43  4:03  Gateway  
  43  4:04  Probe (Chrono Boost)  
  43  4:09  Phoenix  
  45  4:20  Stalker x3  
  51  4:27  Probe (Chrono Boost)  
  51  4:29  Pylon  
  52  4:32  Phoenix  
  54  4:40  Probe (Chrono Boost)  
  54  4:41  Probe (Chrono Boost)  
  56  4:49  Stalker x3  
  58  5:15  Stalker  
  58  5:16  Stalker x2  
  64  5:25  Stalker  
  64  5:26  Probe (Chrono Boost)  
  64  5:27  Probe (Chrono Boost)  
  64  5:42  Probe (Chrono Boost)  
  64  5:44  Probe (Chrono Boost)  
  64  5:45  Zealot  
  64  5:46  Zealot x2  
  66  5:50  Gateway  
  66  5:51  Gateway x2  
  66  5:52  Pylon  
  66  5:53  Probe (Chrono Boost)  
  66  5:54  Pylon  
  66  5:55  Stalker  
  69  6:07  Phoenix  
  65  6:19  Stalker x3  
  65  6:21  Probe (Chrono Boost)  
  65  6:22  Probe (Chrono Boost)  
  63  6:37  Probe (Chrono Boost)  
  62  6:42  Zealot x3  
  62  6:43  Zealot  
  62  6:46  Assimilator  
  70  6:47  Assimilator  
  70  6:50  Pylon  
  70  6:51  Pylon x2  
  70  6:54  Stalker x3  
  58  7:16  Probe (Chrono Boost)  
  58  7:18  Probe (Chrono Boost)  
  54  7:27  Adept x7, Probe (Chrono Boost)  
  61  7:37  Robotics Facility  
  61  7:43  Phoenix  
  61  7:47  Nexus  
  61  7:58  Probe (Chrono Boost)  
  61  8:00  Probe (Chrono Boost)  
  61  8:04  Phoenix  
  62  8:09  Probe (Chrono Boost)  
  62  8:12  Probe (Chrono Boost), Adept x7  
  78  8:27  Observer  
  78  8:29  Probe x2 (Chrono Boost)  
  81  8:37  Phoenix, Pylon  
  85  8:41  Probe x2 (Chrono Boost)  
  85  8:47  Adept x3  
  91  8:53  Probe (Chrono Boost), Twilight Council  
  92  9:01  Probe (Chrono Boost)  
  94  9:02  Probe (Chrono Boost)  
  94  9:03  Phoenix  
  94  9:05  Probe (Chrono Boost)  
  97  9:20  Forge  
  97  9:21  Probe (Chrono Boost)  
  97  9:23  Probe x2 (Chrono Boost)  
  94  9:33  Probe (Chrono Boost)  
  94  9:34  Resonating Glaives  
  94  9:35  Probe x2 (Chrono Boost)  
  79  9:41  Protoss Ground Weapons Level 1  
  79  9:43  Adept x7  
  86  9:53  Phoenix  
  85  10:07  Adept x3  
  85  10:08  Adept x4  
  99  10:18  Phoenix  
  101  10:27  Pylon  
  101  10:28  Adept x6  
  101  10:29  Adept  
  115  10:43  Pylon  
  115  10:51  Adept x4  
  123  10:58  Nexus  
  123  11:01  Adept x3  
  107  11:34  Adept x7  
Tags
 
Add a new tag
Caveats
  • Supply blocks, unpowered buildings, or Contaminate may cause inaccurate times.
  • Supply counts are checked every 10 seconds.